 Dungeon Crawl Stone Soup version 0.30-a0-1066-g63dfefce0d (webtiles) character file.

Game seed: 17116982811781208094

1941 Zeldest the Basher (level 8, -3/81 HPs)
             Began as a Troll Hexslinger on Apr 13, 2023.
             Slain by a hornet (13 damage)
             ... on level 7 of the Dungeon.
             The game lasted 00:05:25 (3766 turns).

Zeldest the Basher (Troll Hexslinger)               Turns: 3766, Time: 00:05:25

Health: -3/81      AC:  5    Str: 24    XL:     8   Next: 98%
Magic:  0/8        EV:  9    Int:  9    God:
Gold:   500        SH:  0    Dex: 10    Spells: 8/9 levels left

rFire   . . .      SeeInvis .    m - +8 quarterstaff of Deiroe {spect, rC+ Str+3}
rCold   + . .      Faith    .    (shield currently unavailable)
rNeg    . . .      Spirit   +    c - +0 robe
rPois   .          Reflect  .    (helmet restricted)
rElec   .          Rampage  .    u - +0 cloak
rCorr   .                        (gloves unavailable)
Will    .....                    (boots unavailable)
Stlth   +                        k - amulet of guardian spirit
HPRegen 1.13/turn                (no ring)
MPRegen 0.11/turn                (no ring)

@: lethally poisoned (-3 -> -4), slowed, very slow
A: large, unfitting armour, claws 3, regeneration 1, shaggy fur 1, tough skin 1
a: no special abilities


You were on level 7 of the Dungeon.
You visited 2 branches of the dungeon, and saw 8 of its levels.
You also visited: Sewer and Ossuary.

You collected 500 gold pieces.

Inventory:

Hand Weapons
 m - the +8 quarterstaff of Deiroe (weapon) {spect, rC+ Str+3}
   (You found it on level 4 of the Dungeon)

   Str:       It affects your strength (+3).
   rC:        It protects you from cold.
Armour
 c - a +0 robe (worn)
 u - a +0 cloak (worn)
Jewellery
 k - an amulet of guardian spirit (around neck)
Wands
 y - a wand of charming (3)
Scrolls
 b - 5 scrolls of poison
 d - 3 scrolls of fog {unknown}
 e - 4 scrolls of teleportation
 f - a scroll of fear {unknown}
 g - 5 scrolls of identify {unknown}
 j - 2 scrolls of magic mapping {unknown}
 l - 4 scrolls of immolation {unknown}
 n - a scroll of vulnerability {unknown}
 o - a scroll of noise {unknown}
 v - a scroll of enchant weapon {unknown}
Potions
 a - 5 potions of curing {unknown}
 h - 3 potions of might {unknown}
 i - a potion of magic {unknown}
 p - 2 potions of degeneration {unknown}
 q - 3 potions of brilliance {unknown}
 r - 2 potions of mutation {unknown}
 s - a potion of haste {unknown}
 t - a potion of berserk rage {unknown}
 w - a potion of flight {unknown}
 x - a potion of resistance {unknown}


   Skills:
 + Level 5.5 Fighting
 * Level 8.6 Maces & Flails
 - Level 1.2 Ranged Weapons
 - Level 1.5 Dodging
 - Level 1.2 Unarmed Combat
 - Level 1.0 Spellcasting
 - Level 2.0 Hexes


You had 8 spell levels left.
You knew the following spells:

 Your Spells              Type           Power      Damage    Failure   Level
a - Slow                  Hex            16%        N/A       16%         1

Your spell library contained the following spells:

 Spells                   Type           Power      Damage    Failure   Level
 Beastly Appendage        Tmut           0%         N/A       36%         1
 Sting                    Tmut/Pois      0%         1d3       36%         1
 Lesser Beckoning         Tloc           0%         N/A       50%         2
 Poisonous Vapours        Pois/Air       0%         N/A       50%         2
 Wereblood                Tmut           0%         N/A       50%         2
 Inner Flame              Hex/Fire       2%         N/A       58%         3
 Portal Projectile        Hex/Tloc       4%         N/A       58%         3
 Gell's Gravitas          Tloc           0%         N/A       73%         3
 Ozocubu's Armour         Ice            0%         N/A       73%         3
 Spider Form              Tmut/Pois      0%         N/A       73%         3
 Stone Arrow              Conj/Erth      0%         3d7       73%         3
 Teleport Other           Tloc           0%         N/A       73%         3
 Cause Fear               Hex            2%         N/A       85%         4
 Animate Armour           Summ/Erth      0%         N/A       98%         4
 Olgreb's Toxic Radiance  Pois           0%         N/A       98%         4
 Metabolic Englaciation   Hex/Ice        1%         N/A       100%        5
 Simulacrum               Ice/Necr       0%         N/A       100%        6
 Lehudib's Crystal Spear  Conj/Erth      0%         10d2      100%        8


Dungeon Overview and Level Annotations

Branches:
Dungeon (7/15) Zot: 26529  Temple (1/1) D:4 Zot: 5969   Sewer (visited)
Ossuary (visited)

Altars:
Ashenzari
Cheibriados
Elyvilon
Gozag
Hepliaklqana
Kikubaaqudgha
Makhleb
Qazlal
Ru
Sif Muna
Trog
Vehumet
Wu Jian
Xom
Yredelemnul
Zin
The Shining One

Shops:
D:1 *   D:5 [

Annotations:
D:7 2 transporters


Innate Abilities, Weirdness & Mutations

You are too large for most types of armour.
You have claws for hands.
Your natural rate of healing is unusually fast.
You are covered in fur. (AC +1)
You have tough skin. (AC +1)


Message History

The hornet stings you but does no damage.
A hornet is nearby!
You closely miss the hornet.
The hornet is lightly wounded.
Your +8 quarterstaff of Deiroe {spect, rC+ Str+3} hits the hornet.
You feel yourself speed up.
You feel very sick.
The hornet stings you but does no damage. x2
A hornet is nearby!
You sock the hornet!
The hornet is heavily wounded.
Your +8 quarterstaff of Deiroe {spect, rC+ Str+3} hits the hornet!
You feel sick. The hornet stings you.
You feel yourself slow down. The hornet stings you!
You are more poisoned.
You feel as though you will be slow longer.
A hornet is nearby!
You are too injured to fight recklessly!
You are too injured to fight recklessly!
You are too injured to fight recklessly!
You hit the hornet but do no damage.
The hornet is almost dead.
Your +8 quarterstaff of Deiroe {spect, rC+ Str+3} misses the hornet.
You feel very sick. The hornet stings you!
You feel as though you will be slow longer.
The hornet stings you.
You feel as though you will be slow longer.
You hit the hornet.
The hornet is almost dead.
Your +8 quarterstaff of Deiroe {spect, rC+ Str+3} misses the hornet.
You feel very sick. The hornet stings you!
* * * LOW HITPOINT WARNING * * *
You feel as though you will be slow longer.
The hornet stings you!
* * * LOW HITPOINT WARNING * * *
You feel as though you will be slow longer.
The hornet stings you!
You die...

############
...........#
....##.8#8.#
....#..#?#.########
.......8#8......@y#
................#(......
..[.#.#.........########
#####.#.........#
....#...........#
....###†........#
....##†.........#
........[.....>.##
....###..).......#


You could see a hornet and a friendly +8 quarterstaff of Deiroe {spect, rC+
Str+3} (summoned).

Vanquished Creatures
  Grinder (D:4)
  A water moccasin (D:6)
  Pargi (Sewer)
  A centaur (D:7)
  An ogre (D:5)
  A phantom (D:5)
  5 scorpions
  4 wights (D:7)
  3 killer bees (D:7)
  4 jellies
  A hound (D:5)
  2 orc priests
  3 human zombies (Ossuary)
  Crazy Yiuf (D:2)
  A sleepcap (D:5)
  3 iguanas
  An orc wizard (D:7)
  2 mummies (Ossuary)
  4 gnolls (D:5)
  An adder (D:4)
  2 river rats (D:3)
  3 worms
  3 dart slugs
  7 orcs
  4 bats
  4 endoplasms
  A giant cockroach (D:3)
  4 gnoll zombies (Ossuary)
  3 goblins
  5 hobgoblins
  6 jackals
  9 kobolds
  3 quokkas
  11 ball pythons
  7 frilled lizards
  4 goblin zombies (Ossuary)
  3 hobgoblin zombies (Ossuary)
  6 rats
126 creatures vanquished.

Notes
Turn   | Place    | Note
-------+----------+-------------------------------------------
     0 | D:1      | Zeldest the Troll Hexslinger began the quest for the Orb.
     0 | D:1      | Reached XP level 1. HP: 18/18 MP: 1/1
    56 | D:1      | Reached skill level 1 in Fighting
   244 | D:1      | Reached skill level 1 in Unarmed Combat
   361 | D:1      | Found Vauliafi's General Store.
   417 | D:1      | Reached XP level 2. HP: 27/27 MP: 2/2
   613 | D:2      | Reached skill level 1 in Maces & Flails
   629 | D:2      | You fall into a shaft and drop 2 floors!
   688 | D:4      | Reached XP level 3. HP: 33/33 MP: 3/3
   693 | D:4      | Identified the +8 quarterstaff of Deiroe {spect, rC+ Str+3}
   707 | D:4      | Found a sand-covered staircase.
   711 | Ossuary  | Entered an ossuary
   722 | Ossuary  | Reached skill level 2 in Maces & Flails
   733 | Ossuary  | Reached XP level 4. HP: 21/42 MP: 2/4
   737 | Ossuary  | Reached skill level 3 in Maces & Flails
   737 | Ossuary  | Reached XP level 5. HP: 30/49 MP: 2/5
   874 | D:4      | Noticed Grinder
   880 | D:4      | Killed Grinder
   881 | D:4      | Reached skill level 4 in Maces & Flails
   881 | D:4      | Reached XP level 6. HP: 44/61 MP: 2/6
  1002 | D:4      | Reached skill level 5 in Maces & Flails
  1002 | D:4      | Reached XP level 7. HP: 67/67 MP: 7/7
  1158 | D:3      | Found a faded altar of an unknown god.
  1265 | D:3      | Found a glowing golden altar of the Shining One.
  1265 | D:3      | Found an ancient bone altar of Kikubaaqudgha.
  1351 | D:3      | Found a glowing drain.
  1370 | Sewer    | Entered a sewer
  1452 | Sewer    | Noticed Pargi
  1459 | Sewer    | Killed Pargi
  1960 | D:2      | Found a runed translucent door.
  1961 | D:2      | Noticed Crazy Yiuf
  1999 | D:2      | Found a glowing silver altar of Zin.
  2358 | D:2      | Killed Crazy Yiuf
  2467 | D:4      | Found a staircase to the Ecumenical Temple.
  2498 | Temple   | Entered the Ecumenical Temple
  2753 | D:5      | Entered Level 5 of the Dungeon
  2766 | D:5      | Reached skill level 6 in Maces & Flails
  2884 | D:5      | Reached XP level 8. HP: 79/79 MP: 8/8
  2981 | D:5      | Found Ofoh's Armour Emporium.
  3119 | D:5      | Reached skill level 7 in Maces & Flails
  3312 | D:7      | Reached skill level 5 in Fighting
  3472 | D:7      | Reached skill level 8 in Maces & Flails
  3507 | D:7      | Found a broken altar of Ashenzari.
  3513 | D:7      | Found a burning altar of Makhleb.
  3516 | D:7      | Found a snail-covered altar of Cheibriados.
  3625 | D:7      | Noticed a kobold demonologist
  3625 | D:7      | Noticed an orc high priest
  3628 | D:7      | Found a transporter.
  3631 | D:7      | Noticed a kobold demonologist
  3709 | D:7      | Found a transporter.
  3760 | D:7      | Noticed a hornet
  3766 | D:7      | Slain by a hornet

Illustrated notes

Levels and vault maps discovered:
D:1:      wander_arrival_lonely_grave, layout_loops_cross, serial_shops, shop,
          minmay_octomino_j4
D:2:      layout_loops_ring, basic_altar, uniq_crazy_yiuf_cottage
D:3:      layout_basic, gammafunk_temple_overflow_statue, portal_sewer_entry_c,
          ebering_ecumenical_altar_abandoned
D:4:      layout_loops_ring, minmay_temple_entry_offerings, enter_ossuary_5,
          uniq_grinder
D:5:      layout_cave_pools, serial_shops, nicolae_lakefront_shop,
          serial_column_ruins, column_ruins_square_medium, column_ruins_hut,
          column_ruins_corridor_T, column_ruins_open_tiny,
          column_ruins_open_tiny, column_ruins_open_tiny,
          column_ruins_open_small, minmay_checkerbox
D:6:      layout_basic, kennysheep_okawaru_gauntlet, uniq_eustachio
D:7:      gammafunk_wand_slinger, layout_rooms, grunt_temple_overflow_diamond,
          minmay_statues_item, nrook_loot_triangle, st_stairs_13
Temple:   nicolae_temple_ecumenical_triangle

Skill      XL: |  1  2  3  4  5  6  7  8 |
---------------+-------------------------+-----
Fighting       | 1 2 3 4 5 |  5.5
Unarmed Combat | 1 |  1.2
Maces & Flails | 1 2 3 4 5 6 8 |  8.6
Ranged Weapons | |  1.2
Dodging        | |  1.5
Spellcasting   | |  1.0
Hexes          | |  2.0

Action                     |  1- 3 |  4- 6 |  7- 9 || total
---------------------------+-------+-------+-------++-------
  Melee: Unarmed           |    64 |       |       ||    64
         Punch             |     1 |       |       ||     1
         Quarterstaff      |    18 |    36 |   146 ||   200
    Use: Scroll            |       |       |     1 ||     1
   Stab: Sleeping          |     1 |       |       ||     1
         Distracted        |       |     1 |     1 ||     2
 Armour: Robe              |    39 |    13 |    41 ||    93
  Dodge: Dodged            |    50 |    13 |    70 ||   133

Table legend: (Time is in decaauts)
 A = Elapsed time spent in this place.
 B = Non-inter-level travel time spent in this place.
 C = Inter-level travel time spent in this place.
 D = Time resting spent in this place.
 E = Time spent auto-exploring this place.
 F = Levels seen in this place.
 G = Mean time per level.
                   A        B        C        D        E       F      G
               +--------+--------+--------+--------+--------+-----+--------+
         Total |   3794 |   3646 |    148 |    279 |   2533 |  10 |  379.4 |
       Dungeon |   3454 |   3313 |    141 |    248 |   2403 |   7 |  493.4 |
        Temple |     30 |     23 |      7 |      0 |      9 |   1 |   30.0 |
         Sewer |    162 |    162 |      0 |      6 |     68 |   1 |  162.0 |
       Ossuary |    146 |    146 |      0 |     25 |     53 |   1 |  146.0 |
               +--------+--------+--------+--------+--------+-----+--------+

Top non-repeatable levels by time:
     D:2: 729 daAuts
     D:3: 580 daAuts
     D:1: 566 daAuts
     D:4: 556 daAuts
     D:5: 503 daAuts
     D:7: 469 daAuts
   Sewer: 162 daAuts
 Ossuary: 146 daAuts
     D:6: 49 daAuts
  Temple: 30 daAuts
